MWL
WATERLOO HAWKS @ WISCONSIN RAPIDS TIMBER RATTLERS
05/22/1982
 
TOP OF THE 1ST
Waterloo Hawks batting - Pitching for Wisconsin Rapids Timber Rattlers : RHP Ted Kromy
Pitching: RHP Ted Kromy
Batting: RHB Mark Sheehy 0-0: Fly out, F9 (Flyball, 89S, EV 90.6 MPH)
Batting: RHB Edward Irvine 0-0: Called Strike
0-1: Ground out 4-3 (Groundball, 4, EV 82.5 MPH)
Batting: RHB Tony Evans 0-0: Ball
1-0: Called Strike
1-1: Swinging Strike
1-2: Ball
2-2: Foul Ball, location: 2F
2-2: Foul Ball, location: 2F
2-2: Foul Ball, location: 2F
2-2: Foul Ball, location: 2F
2-2: Ball
3-2: Reached on error, E3 (Groundball, 34S, EV 91.9 MPH)
Batting: RHB Carmelo Aguayo 0-0: Ball
1-0: Called Strike
1-1: Ball
2-1: Foul Ball, location: 2F
2-2: Ball
3-2: Fly out, F3 (Popup, 3SF, EV 80.6 MPH)
Top of the 1st over - 0 runs, 0 hits, 1 error, 1 left on base; Waterloo 0 - Wisconsin Rapids 0
BOTTOM OF THE 1ST
Wisconsin Rapids Timber Rattlers batting - Pitching for Waterloo Hawks : RHP Albert Arrieta
Pitching: RHP Albert Arrieta
Batting: RHB Tim Pyznarski 0-0: Ball
1-0: Foul Ball, location: 2F
1-1: Ball
2-1: Foul Ball, location: 2F
2-2: Ball
3-2: Foul Ball, location: 2F
3-2: Fly out, F8 (Flyball, 8RXD, EV 84.4 MPH)
Batting: RHB Jim Presley 0-0: Ground out 5-3 (Groundball, 5, EV 85.0 MPH)
Batting: LHB Dion James 0-0: Ground out 6-3 (Groundball, 6, EV 95.6 MPH)
Bottom of the 1st over - 0 runs, 0 hits, 0 errors, 0 left on base; Waterloo 0 - Wisconsin Rapids 0
TOP OF THE 2ND
Waterloo Hawks batting - Pitching for Wisconsin Rapids Timber Rattlers : RHP Ted Kromy
Batting: RHB Jay Loviglio 0-0: Ball
1-0: Fly out, F7 (Flyball, 7, EV 71.9 MPH)
Batting: LHB Burk Goldthorn 0-0: Called Strike
0-1: Foul Ball, location: 2F
0-2: Foul Ball, location: 2F
0-2: Ball
1-2: Fly out, F7 (Line Drive, 7, EV 85.0 MPH)
Batting: RHB Michael Williams 0-0: Ball
1-0: Swinging Strike
1-1: Called Strike
1-2: Ball
2-2: Strikes out swinging
Top of the 2nd over - 0 runs, 0 hits, 0 errors, 0 left on base; Waterloo 0 - Wisconsin Rapids 0
BOTTOM OF THE 2ND
Wisconsin Rapids Timber Rattlers batting - Pitching for Waterloo Hawks : RHP Albert Arrieta
Batting: LHB Greg Smith 0-0: Fly out, F3 (Popup, 3F, EV 80.0 MPH)
Batting: RHB Barbaro Garbey 0-0: Ball
1-0: Fly out, F3 (Popup, 3F, EV 61.9 MPH)
Batting: LHB Matt Hall 0-0: Ball
1-0: SINGLE (Groundball, 34D, EV 99.4 MPH)
Batting: RHB Darryl Motley 0-0: Reached on error, E1 (Groundball, 34S, EV 70.6 MPH)
Matt Hall to second
Batting: RHB Al Pedrique 0-0: Called Strike
0-1: Fly out, F9 (Line Drive, 9D, EV 90.6 MPH)
Bottom of the 2nd over - 0 runs, 1 hit, 1 error, 2 left on base; Waterloo 0 - Wisconsin Rapids 0
TOP OF THE 3RD
Waterloo Hawks batting - Pitching for Wisconsin Rapids Timber Rattlers : RHP Ted Kromy
Batting: RHB Kean Rich 0-0: Ball
1-0: Swinging Strike
1-1: Ground out U3 (Groundball, 34S, EV 88.1 MPH)
Batting: RHB David Cusack 0-0: Fly out, F8 (Flyball, 8LD, EV 85.0 MPH)
Batting: RHB Mark Sheehy 0-0: Ball
1-0: Called Strike
1-1: Called Strike
1-2: Fly out, F9 (Line Drive, 89M, EV 88.8 MPH)
Top of the 3rd over - 0 runs, 0 hits, 0 errors, 0 left on base; Waterloo 0 - Wisconsin Rapids 0
BOTTOM OF THE 3RD
Wisconsin Rapids Timber Rattlers batting - Pitching for Waterloo Hawks : RHP Albert Arrieta
Batting: RHB Phil Lombardi 0-0: Called Strike
0-1: SINGLE (Line Drive, 7S, EV 107.5 MPH)
Batting: RHB Tim Pyznarski 0-0: Foul Ball, location: 2F
0-1: Ball
1-1: Ball
2-1: Ball
3-1: Foul Ball, location: 2F
3-2: Fly out, F8 (Line Drive, 8RM, EV 88.8 MPH)
Batting: RHB Jim Presley 0-0: Called Strike
0-1: Fly out, F8 (Flyball, 8LXD, EV 90.0 MPH)
Batting: LHB Dion James 0-0: Called Strike
0-1: Called Strike
0-2: Fly out, F3 (Popup, 34S, EV 85.6 MPH)
Bottom of the 3rd over - 0 runs, 1 hit, 0 errors, 1 left on base; Waterloo 0 - Wisconsin Rapids 0
TOP OF THE 4TH
Waterloo Hawks batting - Pitching for Wisconsin Rapids Timber Rattlers : RHP Ted Kromy
Batting: RHB Edward Irvine 0-0: Foul Ball, location: 2F
0-1: Ball
1-1: Foul Ball, location: 2F
1-2: Strikes out swinging
Batting: RHB Tony Evans 0-0: Called Strike
0-1: Ball
1-1: Ball
2-1: Foul Ball, location: 2F
2-2: SINGLE (Groundball, 34D, EV 96.3 MPH)
Batting: RHB Carmelo Aguayo 0-0: Ball
1-0: Ball
2-0: Ball
3-0: Called Strike
3-1: Called Strike
Tony Evans steals 2nd base
3-2: Foul Ball, location: 2F
3-2: Fly out, F8 (Flyball, 89XD, EV 83.1 MPH)
Runner from 2nd tags up, SAFE at 3rd, no throw by CF
Batting: RHB Jay Loviglio 0-0: Ball
1-0: Called Strike
1-1: Foul Ball, location: 2F
1-2: Foul Ball, location: 2F
1-2: Fly out, F4 (Popup, 34S, EV 76.3 MPH)
Top of the 4th over - 0 runs, 1 hit, 0 errors, 1 left on base; Waterloo 0 - Wisconsin Rapids 0
BOTTOM OF THE 4TH
Wisconsin Rapids Timber Rattlers batting - Pitching for Waterloo Hawks : RHP Albert Arrieta
Batting: LHB Greg Smith 0-0: Ball
1-0: Called Strike
1-1: Foul Ball, location: 2F
1-2: Ball
2-2: SINGLE (Groundball, 6D, EV 95.0 MPH)
Batting: RHB Barbaro Garbey 0-0: Ball
1-0: Ball
2-0: Called Strike
2-1: Swinging Strike
2-2: Ball
3-2: Fly out, F7 (Flyball, 7D, EV 96.9 MPH)
Batting: LHB Matt Hall 0-0: Called Strike
0-1: Swinging Strike
0-2: Ball
1-2: Ball
2-2: Ball
3-2: Fielders Choice at 2nd, 4-6 (Groundball, 4, EV 82.5 MPH)
Batting: RHB Darryl Motley 0-0: Called Strike
0-1: Ball
1-1: TRIPLE (Flyball, 78XD, EV 105.0 MPH)
Matt Hall scores
Batting: RHB Al Pedrique 0-0: SINGLE (Groundball, 56D, EV 103.1 MPH)
Darryl Motley scores
Batting: RHB Phil Lombardi 0-0: Fielders Choice at 2nd, 6-4 (Groundball, 6, EV 81.3 MPH)
Bottom of the 4th over - 2 runs, 3 hits, 0 errors, 1 left on base; Waterloo 0 - Wisconsin Rapids 2
TOP OF THE 5TH
Waterloo Hawks batting - Pitching for Wisconsin Rapids Timber Rattlers : RHP Ted Kromy
Batting: LHB Burk Goldthorn 0-0: Ball
1-0: Ball
2-0: Foul Ball, location: 2F
2-1: Ground out 3-1 (Groundball, 34S, EV 86.3 MPH)
Batting: RHB Michael Williams 0-0: Swinging Strike
0-1: Foul Ball, location: 2F
0-2: SOLO HOME RUN (Flyball, 78XD, EV 102.5 MPH), Distance : 406 ft
Batting: RHB Kean Rich 0-0: Ball
1-0: Ball
2-0: Swinging Strike
2-1: Ball
3-1: Called Strike
3-2: Fly out, F9 (Line Drive, 9D, EV 90.6 MPH)
Batting: RHB David Cusack 0-0: Reached on error, E6 (Groundball, 6, EV 108.8 MPH)
Batting: RHB Mark Sheehy 0-0: Ball
1-0: Called Strike
1-1: Ball
2-1: Foul Ball, location: 2F
2-2: Foul Ball, location: 2F
Balk!
David Cusack to third
2-2: Ground out 6-3 (Groundball, 6, EV 87.5 MPH)
Top of the 5th over - 1 run, 1 hit, 1 error, 1 left on base; Waterloo 1 - Wisconsin Rapids 2
BOTTOM OF THE 5TH
Wisconsin Rapids Timber Rattlers batting - Pitching for Waterloo Hawks : RHP Albert Arrieta
Batting: RHB Tim Pyznarski 0-0: Called Strike
0-1: Foul Ball, location: 2F
0-2: Fly out, F9 (Flyball, 9LS, EV 94.4 MPH)
Batting: RHB Jim Presley 0-0: Ball
1-0: Called Strike
1-1: Called Strike
1-2: Ball
2-2: Ground out U3 (Groundball, 34, EV 108.1 MPH)
Batting: LHB Dion James 0-0: Ball
1-0: Ground out 6-3 (Groundball, 6, EV 102.5 MPH)
Bottom of the 5th over - 0 runs, 0 hits, 0 errors, 0 left on base; Waterloo 1 - Wisconsin Rapids 2
TOP OF THE 6TH
Waterloo Hawks batting - Pitching for Wisconsin Rapids Timber Rattlers : RHP Ted Kromy
Batting: RHB Edward Irvine 0-0: Ball
1-0: Ball
2-0: Ball
3-0: Called Strike
3-1: Ground out 4-3 (Groundball, 4, EV 81.9 MPH)
Batting: RHB Tony Evans 0-0: Called Strike
0-1: Ball
1-1: Ball
2-1: Ball
3-1: Called Strike
3-2: Strikes out swinging
Batting: RHB Carmelo Aguayo 0-0: Called Strike
0-1: Ball
1-1: Foul Ball, location: 2F
1-2: Ball
2-2: SINGLE (Groundball, 56D, EV 102.5 MPH)
Batting: RHB Jay Loviglio 0-0: Foul Ball, location: 2F
0-1: Ball
1-1: Ball
2-1: Ball
3-1: Called Strike
3-2: Ground out 6-3 (Groundball, 6, EV 108.8 MPH)
Top of the 6th over - 0 runs, 1 hit, 0 errors, 1 left on base; Waterloo 1 - Wisconsin Rapids 2
BOTTOM OF THE 6TH
Wisconsin Rapids Timber Rattlers batting - Pitching for Waterloo Hawks : RHP Albert Arrieta
Batting: LHB Greg Smith 0-0: Swinging Strike
0-1: Called Strike
0-2: Fly out, F8 (Flyball, 8LD, EV 100.0 MPH)
Batting: RHB Barbaro Garbey 0-0: Called Strike
0-1: Ball
1-1: Ball
2-1: Fly out, F8 (Flyball, 78XD, EV 105.6 MPH)
Batting: LHB Matt Hall 0-0: SINGLE (Groundball, 56D, EV 94.4 MPH)
Batting: RHB Darryl Motley 0-0: Foul Ball, location: 2F
0-1: Ball
1-1: Foul Ball, location: 2F
1-2: Ball
2-2: SINGLE (Flyball, 56D, EV 84.4 MPH)
Matt Hall to second
Batting: RHB Al Pedrique 0-0: Foul Ball, location: 2F
0-1: Ball
1-1: Ball
2-1: Fielders Choice at 2nd, 6-4 (Groundball, 6, EV 106.9 MPH)
Bottom of the 6th over - 0 runs, 2 hits, 0 errors, 2 left on base; Waterloo 1 - Wisconsin Rapids 2
TOP OF THE 7TH
Waterloo Hawks batting - Pitching for Wisconsin Rapids Timber Rattlers : RHP Ted Kromy
Pitching: LHP Mercedes Esquer
Batting: LHB Burk Goldthorn 0-0: Ball
1-0: Ball
2-0: Swinging Strike
2-1: Called Strike
2-2: Ball
3-2: Foul Ball, location: 2F
3-2: DOUBLE (Flyball, 7LM, EV 97.5 MPH)
Batting: RHB Michael Williams 0-0: Ground out 4-3 (Groundball, 4M, EV 91.3 MPH)
Burk Goldthorn to third
Batting: RHB Kean Rich 0-0: Ball
1-0: Ball
2-0: Called Strike
2-1: Foul Ball, location: 2F
2-2: SINGLE (Groundball, 56D, EV 103.1 MPH)
Burk Goldthorn scores
Batting: RHB David Cusack 0-0: Ball
1-0: Called Strike
1-1: Ball
2-1: Ball
3-1: Base on Balls
Kean Rich to second
Batting: RHB Mark Sheehy 0-0: Swinging Strike
0-1: Swinging Strike
0-2: Fielders Choice at 2nd, 6-4 (Groundball, 6D, EV 101.9 MPH)
Kean Rich to third
Batting: RHB Edward Irvine 0-0: Called Strike
0-1: Ball
1-1: Foul Ball, location: 2F
1-2: Foul Ball, location: 2F
1-2: SINGLE (Line Drive, 34D, EV 96.9 MPH)
Kean Rich scores
Mark Sheehy to second
Runner from 2nd tries for 3rd, OUT! 9-5
Top of the 7th over - 2 runs, 3 hits, 0 errors, 1 left on base; Waterloo 3 - Wisconsin Rapids 2
BOTTOM OF THE 7TH
Wisconsin Rapids Timber Rattlers batting - Pitching for Waterloo Hawks : RHP Albert Arrieta
Batting: RHB Phil Lombardi 0-0: Ball
1-0: Ball
2-0: Foul Ball, location: 2F
2-1: Foul Ball, location: 2F
2-2: Ball
3-2: Foul Ball, location: 2F
3-2: Fly out, F4 (Popup, 3DF, EV 35.6 MPH)
Batting: RHB Tim Pyznarski 0-0: Ball
1-0: Ball
2-0: Foul Ball, location: 2F
2-1: Foul Ball, location: 2F
2-2: Ball
3-2: DOUBLE (Flyball, 89XD, EV 106.9 MPH)
Batting: RHB Jim Presley 0-0: SINGLE (Groundball, 6M, EV 103.1 MPH) (infield hit)
Tim Pyznarski to third
Batting: LHB Dion James 0-0: Ball
1-0: Foul Ball, location: 2F
1-1: Ball
2-1: Foul Ball, location: 2F
2-2: DOUBLE (Flyball, 78D, EV 88.1 MPH)
Tim Pyznarski scores
Jim Presley to third
Runner from 3rd tries for Home, SAFE, throw by LF to home
Batting: LHB Greg Smith 0-0: Intentional Walk
Batting: RHB Barbaro Garbey 0-0: Swinging Strike
0-1: Ball
1-1: 3-RUN HOME RUN (Line Drive, 89XD, EV 95.6 MPH), Distance : 404 ft
Pitching: RHP John Franks
Batting: LHB Matt Hall 0-0: Ball
1-0: Called Strike
1-1: Foul Ball, location: 2F
1-2: Foul Ball, location: 2F
1-2: Strikes out swinging
Batting: RHB Darryl Motley 0-0: Called Strike
0-1: Fly out, F3 (Popup, 3SF, EV 75.6 MPH)
Bottom of the 7th over - 5 runs, 4 hits, 0 errors, 0 left on base; Waterloo 3 - Wisconsin Rapids 7
TOP OF THE 8TH
Waterloo Hawks batting - Pitching for Wisconsin Rapids Timber Rattlers : LHP Mercedes Esquer
Batting: RHB Tony Evans 0-0: Ball
1-0: Called Strike
1-1: SINGLE (Groundball, 4M, EV 82.5 MPH) (infield hit)
Batting: RHB Carmelo Aguayo 0-0: Ball
1-0: Ball
2-0: Foul Ball, location: 2F
2-1: Ball
3-1: Base on Balls
Tony Evans to second
Batting: RHB Jay Loviglio 0-0: Ball
1-0: Called Strike
1-1: Swinging Strike
1-2: Foul Ball, location: 2F
1-2: Ball
2-2: Fly out, F4 (Flyball, 34D, EV 90.0 MPH)
Batting: LHB Burk Goldthorn 0-0: Ball
1-0: Called Strike
1-1: Foul Ball, location: 2F
1-2: Foul Ball, location: 2F
1-2: Foul Ball, location: 2F
1-2: Ball
2-2: Ball
3-2: Foul Ball, location: 2F
3-2: Fly out, F7 (Flyball, 7D, EV 93.8 MPH)
Runner from 2nd tags up, SAFE at 3rd with throw by LF
Batting: RHB Michael Williams 0-0: Ball
1-0: Ground out 2-3 (Groundball, 2L, EV 73.8 MPH)
Top of the 8th over - 0 runs, 1 hit, 0 errors, 2 left on base; Waterloo 3 - Wisconsin Rapids 7
BOTTOM OF THE 8TH
Wisconsin Rapids Timber Rattlers batting - Pitching for Waterloo Hawks : RHP John Franks
Batting: RHB Al Pedrique 0-0: Ball
1-0: Ball
2-0: SINGLE (Line Drive, 34D, EV 96.3 MPH)
Batting: RHB Phil Lombardi 0-0: Ball
1-0: Called Strike
1-1: Fly out, F4 (Popup, 4S, EV 76.3 MPH)
Batting: RHB Tim Pyznarski 0-0: 2-RUN HOME RUN (Flyball, 78XD, EV 103.8 MPH), Distance : 412 ft
Batting: RHB Jim Presley 0-0: Ball
1-0: Called Strike
1-1: Fly out, F8 (Flyball, 89D, EV 108.1 MPH)
Batting: LHB Dion James 0-0: Foul Ball, location: 2F
0-1: Ball
1-1: Fly out, F2 (Popup, 5SF, EV 73.1 MPH)
Bottom of the 8th over - 2 runs, 2 hits, 0 errors, 0 left on base; Waterloo 3 - Wisconsin Rapids 9
TOP OF THE 9TH
Waterloo Hawks batting - Pitching for Wisconsin Rapids Timber Rattlers : LHP Mercedes Esquer
Batting: RHB Kean Rich 0-0: Ball
1-0: Ball
2-0: Ground out 4-3 (Groundball, 4S, EV 90.0 MPH)
Batting: RHB David Cusack 0-0: Ball
1-0: Ball
2-0: Fly out, F9 (Flyball, 9S, EV 88.8 MPH)
Batting: RHB Mark Sheehy 0-0: Called Strike
0-1: Ball
1-1: Swinging Strike
1-2: Ball
2-2: Ball
3-2: Foul Ball, location: 2F
3-2: Base on Balls
Batting: RHB Edward Irvine 0-0: 2-RUN HOME RUN (Flyball, 7D, EV 105.6 MPH), Distance : 361 ft
Pitching: RHP Mark Williamson
Batting: RHB Tony Evans 0-0: Called Strike
0-1: Ground out 6-3 (Groundball, 6, EV 78.1 MPH)
Top of the 9th over - 2 runs, 1 hit, 0 errors, 0 left on base; Waterloo 5 - Wisconsin Rapids 9
Friday, July 31st, 2020 - OOTP Baseball 21.5 Build 76